 Dungeon Crawl Stone Soup version 0.29-a0-284-gf9362112df (webtiles) character file.

Game seed: 11167333190386394724

9 crusatyr the Sneak (level 2, 0/19 HPs)
             Began as a Gargoyle Delver on Mar 25, 2022.
             Shot with an arrow by a centaur (7 damage)
             ... on level 5 of the Dungeon.
             The game lasted 00:00:48 (58 turns).

crusatyr the Sneak (Gargoyle Delver)                  Turns: 58, Time: 00:00:49

Health: 0/19       AC:  5    Str: 15    XL:     2   Next: 16%
Magic:  2/2        EV: 11    Int: 10    God:
Gold:   0          SH:  0    Dex: 11    Spells: 1/1 levels left

rFire   . . .      SeeInvis .   a - +0 mace
rCold   . . .      Faith    .   (no shield)
rNeg    + . .      Spirit   .   b - +0 leather armour
rPois   ∞          Reflect  .   (no helmet)
rElec   +          Harm     .   (no cloak)
rCorr   .          Rampage  .   (no gloves)
Will    .....                   (no boots)
Stlth   +++.......              (no amulet)
HPRegen 0.06/turn               (no ring)
MPRegen 0.08/turn               (no ring)

@: no status effects
A: sickness immunity, AC +2, negative energy resistance 1, electricity
resistance, torment resistance 1, petrification resistance
a: no special abilities


You were on level 5 of the Dungeon.
You visited 1 branch of the dungeon, and saw 1 of its levels.

Inventory:

Hand Weapons
 a - a +0 mace (weapon)
Armour
 b - a +0 leather armour (worn)
Wands
 g - a wand of digging (3)
Scrolls
 c - a scroll of fog
 d - a scroll of magic mapping
 e - a scroll of fear
 h - a scroll of summoning {unknown}
Potions
 f - a potion of haste
 i - 2 potions of brilliance {unknown}


   Skills:
 + Level 3.4 Fighting
 + Level 2.2 Maces & Flails
 + Level 0.7 Armour
 - Level 1.5 Dodging
 + Level 5.6 Stealth


You had one spell level left.
You didn't know any spells.
Your spell library was empty.

Dungeon Overview and Level Annotations

Branches:
Dungeon (5/15)
 Temple: D:4-7

Altars:


Innate Abilities, Weirdness & Mutations

You are immune to sickness and miasma.
Your stone body is resilient. (AC +2)
You are immune to poison.
You resist negative energy. (rN+)
You are resistant to electric shocks. (rElec)
You are resistant to unholy torment.
You are immune to petrification.


Message History

A scorpion comes into view.
Found 15 gold pieces.
An adder comes into view.
The adder hisses angrily.
An adder comes into view.
Found 2 dark potions.
You see here 2 dark potions.
You hit the adder.
The adder is lightly wounded.
The adder misses you. The adder closely misses you.
You closely miss the adder.
The adder is lightly wounded.
The adder bites you.
You hit the adder.
The adder is lightly wounded.
The adder bites you but does no damage. The adder misses you.
You barely miss the adder.
The adder is lightly wounded.
The adder barely misses you. The adder misses you.
You hit the adder.
The adder is moderately wounded.
The adder bites you but does no damage.
You sock the adder!
The adder is almost dead.
The adder barely misses you. The adder bites you.
You hit the adder.
You kill the adder!
You have reached level 2!
i - 2 dark potions You hear the slow rusting of a distant drain.
Found a scroll of fog.
A centaur comes into view.
The centaur shouts!
The centaur wields a +0 shortbow.
The centaur shoots an arrow.
The arrow closely misses you.
The centaur shoots an arrow.
The arrow hits you!
The centaur shoots an arrow.
The arrow barely misses you.
The centaur shoots an arrow.
The arrow barely misses you.
The centaur shoots an arrow.
The arrow hits you!
You die...

....###..########....
. #....S........S
#.######.$#.... #.#
#..# . #.# #.# ##.#
... #..# ### #.## #@#
#.# #.# #.# #.# #.#
#.# #c# #.#


You could see a centaur.

Vanquished Creatures
  An adder (D:5)
1 creature vanquished.

Notes
Turn   | Place    | Note
-------+----------+-------------------------------------------
     0 | D:5      | crusatyr the Gargoyle Delver began the quest for the Orb.
     0 | D:5      | Reached XP level 1. HP: 14/14 MP: 1/1
    12 | D:5      | Noticed a scorpion
    41 | D:5      | Reached XP level 2. HP: 14/19 MP: 2/2
    49 | D:5      | Noticed a centaur
    58 | D:5      | Shot with an arrow by a centaur

Illustrated notes

Levels and vault maps discovered:
D:5:      cheibrodos_iron_armory, layout_rooms, minmay_temple_entry_butterflies,
          lightli_sewer_entry_pipes, bh_walls_and_bars

Action                   || total
-------------------------++-------
Melee: Mace              ||     7
Armor: Leather armour    ||     2
Dodge: Dodged            ||     9

Table legend: (Time is in decaauts)
 A = Elapsed time spent in this place.
 B = Non-inter-level travel time spent in this place.
 C = Inter-level travel time spent in this place.
 D = Time resting spent in this place.
 E = Time spent auto-exploring this place.
 F = Levels seen in this place.
 G = Mean time per level.
                   A        B        C        D        E       F      G
               +--------+--------+--------+--------+--------+-----+--------+
         Total |     60 |     60 |      0 |      0 |      0 |   1 |   60.0 |
       Dungeon |     60 |     60 |      0 |      0 |      0 |   1 |   60.0 |
               +--------+--------+--------+--------+--------+-----+--------+

Top non-repeatable levels by time:
     D:5: 60 daAuts
